 Dungeon Crawl Stone Soup version 0.27-a0-836-gfc908b8576 (webtiles) character file.

Game seed: 1512075985423796267

2427 sizableburger the Insei (level 9, -1/79 HPs)
             Began as an Octopode Transmuter on Mar 31, 2021.
             Was an Elder of Uskayaw.
             Slain by a gnoll
             ... wielding a +0 spear
              (6 damage)
             ... on level 4 of the Dungeon.
             The game lasted 00:18:45 (9620 turns).

sizableburger the Insei (Octopode Transmuter)       Turns: 9620, Time: 00:18:46

Health: -1/79      AC:  7    Str: 10    XL:     9   Next: 48%
Magic:  2/12       EV:  8    Int: 18    God:    Uskayaw [****..]
Gold:   308        SH:  5    Dex: 12    Spells: 4/12 levels left

rFire    . . .     SeeInvis +     - Unarmed
rCold    . . .     Faith    .   (shield currently unavailable)
rNeg     . . .     Spirit   .   (helmet currently unavailable)
rPois    +         Reflect  +   h - amulet of reflection
rElec    .         Harm     .   b - ring of poison resistance
rCorr    .         Rampage  .   t - ring of see invisible
Will     .....                  (no ring)
Stlth    +++.......             (no ring)
HPRegen  0.23/turn              (no ring)
MPRegen  0.13/turn              (no ring)
                                (no ring)
                                (no ring)

@: hydra-form, wereblooded, very slightly contaminated
A: fast swimmer, devour, boosted hp, almost no armour, amphibious, 8 rings, very
large, (camouflage 1), (gelatinous body 1), (nimble swimmer 1), (tentacles)
a: End Transformation, Renounce Religion, Stomp, Line Pass


You were on level 4 of the Dungeon.
You worshipped Uskayaw.
Uskayaw was noncommittal.
You were a two-headed hydra.
You visited 2 branches of the dungeon, and saw 8 of its levels.
You also visited: Sewer.

You collected 308 gold pieces.

Inventory:

Jewellery
 a - an amulet of the acrobat
 b - a ring of poison resistance (left foreclaw)
 h - an amulet of reflection (around neck)
 t - a ring of see invisible (right foreclaw)
Wands
 k - a wand of flame (33)
Scrolls
 c - 2 scrolls of acquirement {unknown}
 d - a scroll of magic mapping
 f - a scroll of teleportation
 i - a scroll of noise
 l - a scroll of fear {unknown}
 m - a scroll of amnesia
 o - a scroll of torment {unknown}
Potions
 j - 5 potions of flight
 p - a potion of invisibility {unknown}
 r - a potion of attraction {unknown}
 s - a potion of brilliance {unknown}


   Skills:
 + Level 5.0 Fighting
 - Level 2.0 Dodging
 - Level 6.7 Stealth
 + Level 7.5 Unarmed Combat
 - Level 2.0 Spellcasting
 + Level 7.2 Transmutations
 + Level 3.1 Invocations


You had 4 spell levels left.
You knew the following spells:

 Your Spells              Type           Power      Damage    Failure   Level
a - Beastly Appendage     Tmut           54%        N/A       1%          1
b - Wereblood             Tmut           27%        N/A       1%          2
c - Hydra Form            Tmut           13%        N/A       26%         5

Your spell library contained the following spells:

 Spells                   Type           Power      Damage    Failure   Level
 Spider Form              Tmut/Pois      7%         N/A       12%         3
 Magic Dart               Conj           4%         1d3       19%         1
 Blink                    Tloc           N/A        N/A       26%         2
 Call Imp                 Summ           1%         N/A       26%         2
 Slow                     Hex            1%         N/A       26%         2
 Ice Form                 Ice/Tmut       14%        N/A       38%         4
 Conjure Flame            Conj/Fire      1%         6-21      47%         3
 Mephitic Cloud           Conj/Pois/Air  1%         N/A       47%         3


Dungeon Overview and Level Annotations

Branches:
Dungeon (7/15)             Temple (1/1) D:6           Sewer (visited)

Altars:
Dithmenos
Hepliaklqana
Kikubaaqudgha
Qazlal
Ru
Uskayaw
Xom
Zin
The Shining One

Shops:
D:2 ([

Annotations:
D:7 Pikel


Innate Abilities, Weirdness & Mutations

You are a two-headed hydra.
You swim very quickly.
You can devour living enemies to heal.
Your maximum health is greatly increased.
Your armour is entirely melded.
You are incapable of wielding weapons or throwing items.
You cannot wear most types of armour.
You are amphibious.
You can wear up to eight rings at the same time.
((Your skin changes colour to match your surroundings (Stealth+).))
((Your rubbery body absorbs attacks. (AC +1, EV +1)))
((You are camouflaged near water. (Stealth+)))
((You have tentacles for arms and can constrict up to eight enemies at once.))


Message History

The gnoll is no longer paralysed. x5; The gnoll closely misses you.
The gnoll hits you from afar with a +0 spear.
A gnoll comes into view. It is wielding a +1 spear.
You block the gnoll's attack. The gnoll closely misses you.
The gnoll hits you from afar with a +0 spear.
There is an open door, spattered with blood here.
You see here a +3 club.
You nip at the gnoll.
The gnoll is moderately wounded.
You nip at the gnoll.
The gnoll hits you with a +0 whip. The gnoll hits you with a +4 spear.
The gnoll hits you from afar with a +0 spear.
* * * LOW HITPOINT WARNING * * *
Unknown command.
You nip at the gnoll.
The gnoll is severely wounded.
You nip at the gnoll.
The gnoll hits you from afar with a +3 halberd.
* * * LOW HITPOINT WARNING * * *
You block the gnoll's attack. The gnoll hits you with a +4 spear.
* * * LOW HITPOINT WARNING * * *
The gnoll hits you from afar with a +0 spear.
* * * LOW HITPOINT WARNING * * *
Uskayaw will force your foes to share their pain.
Uskayaw links your audience in an emotional bond!
Okay, then.
Okay, then.
Okay, then.
Okay, then.
As you read the scroll labelled GIJACY BYWOWEF, it crumbles to dust.
It is a scroll of amnesia.
Really abort (and waste the scroll)?
Okay, then.
The gnoll hits you from afar with a +3 halberd!
* * * LOW HITPOINT WARNING * * *
The gnoll hits you from afar with a +1 spear.
* * * LOW HITPOINT WARNING * * *
The gnoll closely misses you. x2
The gnoll hits you from afar with a +0 spear.
You die...

g...)+...... #.≈≈≈....#
############ ### #.≈≈≈....#
... #.. #.≈≈≈..P.# ....#..
#.≈≈≈....#
....#''##.#.≈≈≈....#
.....g#.#.≈≈≈....#
####.ggg#.#.≈≈≈....#
...'.ggg#'###≈≈....#
################D#...#≈≈....#
.............gg).#...#≈≈....#
≈≈≈≈≈≈≈≈≈≈≈≈≈≈≈≈≈#####≈≈....#
≈≈≈≈≈≈≈≈≈≈≈≈≈≈≈≈≈≈≈≈≈≈≈≈....#
≈≈≈≈≈≈≈≈≈≈≈≈≈≈≈≈≈≈≈≈≈≈≈≈....#
.............P..............#
.....................P......#
#############################


You could see 9 gnolls.

Vanquished Creatures
  Prince Ribbit (D:5)
  Sigmund (D:3)
  4 yaks (D:7)
  A hornet zombie (D:5)
  2 necrophages (D:5)
  3 kobold brigands (D:6)
  A bullfrog (D:6)
  2 scorpions
  A howler monkey (D:7)
  A bullfrog zombie (D:6)
  A bullfrog skeleton (D:5)
  2 gnoll shamans (D:4)
  6 jellies (D:6)
  2 iguanas
  2 merfolk sirens (Sewer)
  A merfolk avatar (Sewer)
  A killer bee zombie (D:6)
  5 adders
  15 gnolls (D:4)
  A howler monkey skeleton (D:6)
  A river rat (Sewer)
  A white imp (D:6)
  An ufetubus (D:4)
  A worm (D:3)
  4 dart slugs
  5 orcs
  14 ball pythons
  7 bats
  6 endoplasms
  3 giant cockroaches
  10 goblins
  5 hobgoblins
  21 jackals
  12 kobolds
  3 quokkas
  14 frilled lizards
  26 rats
187 creatures vanquished.

Vanquished Creatures (others)
  8 fungi (D:6)
  A plant (D:4)
  6 toadstools (D:6)
15 creatures vanquished.

Grand Total: 202 creatures vanquished

Notes
Turn   | Place    | Note
-------+----------+-------------------------------------------
     0 | D:1      | sizableburger the Octopode Transmuter began the quest for
                  | the Orb.
     0 | D:1      | Reached XP level 1. HP: 13/13 MP: 3/3
   150 | D:1      | Reached XP level 2. HP: 18/18 MP: 5/5
   542 | D:1      | Reached XP level 3. HP: 24/24 MP: 6/6
   545 | D:1      | Learned a level 2 spell: Wereblood
  1330 | D:2      | Found Fuaggij's Antique Armour Shoppe.
  2094 | D:2      | Reached XP level 4. HP: 28/29 MP: 7/7
  2130 | D:2      | Found a glowing silver altar of Zin.
  2584 | D:2      | Found Elosmoxt's Antique Weapon Boutique.
  3444 | D:3      | Noticed Sigmund
  3589 | D:3      | HP: 1/30 [Sigmund/+0 scythe (11)]
  3590 | D:3      | Killed Sigmund
  3591 | D:3      | Reached XP level 5. HP: 2/36 MP: 6/8
  3591 | D:3      | Reached XP level 6. HP: 2/42 MP: 6/9
  3618 | D:3      | Learned a level 5 spell: Hydra Form
  3988 | D:4      | Found a shadowy altar of Dithmenos.
  4800 | D:4      | Found a stormy altar of Qazlal.
  4803 | D:4      | Noticed an air elemental
  4803 | D:4      | Noticed a fire elemental
  4803 | D:4      | Noticed a water elemental
  4942 | D:5      | Entered Level 5 of the Dungeon
  5045 | D:5      | Reached skill level 1 in Stealth
  5045 | D:5      | Reached skill level 5 in Unarmed Combat
  5045 | D:5      | Reached XP level 7. HP: 14/48 MP: 10/10
  5283 | D:5      | Found a glowing drain.
  5295 | Sewer    | Entered a sewer
  5866 | D:5      | Reached skill level 5 in Transmutations
  6299 | D:5      | Reached XP level 8. HP: 49/54 MP: 11/11
  6651 | D:6      | Noticed Prince Ribbit
  6654 | D:6      | Reached skill level 5 in Stealth
  6672 | D:5      | Killed Prince Ribbit
  6974 | D:6      | Noticed a slime creature
  6974 | D:6      | Noticed a slime creature
  6989 | D:6      | Noticed a slime creature
  7813 | D:6      | Found a staircase to the Ecumenical Temple.
  7870 | Temple   | Entered the Ecumenical Temple
  7915 | Temple   | Became a worshipper of Uskayaw the Reveller
  7937 | D:6      | Reached * piety under Uskayaw
  8417 | D:6      | Reached ** piety under Uskayaw
  8418 | D:6      | Reached skill level 1 in Invocations
  8793 | D:7      | Noticed a yak
  8793 | D:7      | Noticed a yak
  8793 | D:7      | Noticed a yak
  8793 | D:7      | Noticed a yak
  8810 | D:7      | Killed a yak
  8810 | D:7      | Reached *** piety under Uskayaw
  8811 | D:7      | Reached XP level 9. HP: 59/59 MP: 4/12
  8813 | D:7      | Reached **** piety under Uskayaw
  8819 | D:7      | Reached ***** piety under Uskayaw
  8869 | D:7      | Noticed Pikel
  9279 | D:4      | Reached skill level 5 in Fighting
  9620 | D:4      | Slain by a gnoll

Illustrated notes

Levels and vault maps discovered:
D:1:      minmay_arrival_shattered_statue, layout_basic,
          hangedman_abyss_or_decor_lesser_grid, minmay_tromino_v4_a
D:2:      layout_loops_ring, zin_scriptorium, serial_shops, nicolae_shop_trees,
          nicolae_shop_competitors_out_of_business
D:3:      layout_basic, amcnicky_mini_rare_corridor_liquid, uniq_sigmund
D:4:      lemuel_castle_with_subvaults [lemuel_castle_interior_carwin_3],
          layout_cave_pools, nicolae_qazlal_style_of_elements,
          nicolae_dithmenos_shadow_blocks, minivault_19
D:5:      layout_layer_cave, portal_sewer_entry_d
D:6:      cheibrodos_fertilizer, layout_loops_corners,
          minmay_temple_entry_glassed_door, bh_walls_and_bars,
          uniq_prince_ribbit1
D:7:      layout_loops_cross, nemelex_xobeh_ov_fountains_minmay,
          nicolae_overflow_hidden_temple, uniq_pikel
Temple:   dpeg_three_leaves_temple

Skill      XL: |  1  2  3  4  5  6  7  8  9 |
---------------+----------------------------+-----
Fighting       | 2 3 4 5 |  5.0
Transmutations | 3 4 5 6 7 |  7.2
Unarmed Combat | 4 5 7 |  7.5
Stealth        | 1 4 6 |  6.7
Invocations    | 1 3 |  3.1
Dodging        | |  2.0
Spellcasting   | |  2.0

Action                   |  1- 3 |  4- 6 |  7- 9 || total
-------------------------+-------+-------+-------++-------
Melee: Unarmed           |   103 |   127 |   230 ||   460
       Constrict         |    25 |    34 |    41 ||   100
       Tentacles         |    19 |    15 |    31 ||    65
       Punch             |     1 |     3 |     4 ||     8
       Kick              |       |    27 |    32 ||    59
 Cast: Beastly Appendage |       |    21 |    19 ||    40
       Wereblood         |       |     1 |    10 ||    11
       Hydra Form        |       |       |     5 ||     5
Evoke: Wand              |       |       |     6 ||     6
  Use: Scroll            |       |     7 |     6 ||    13
       Potion            |       |     1 |     9 ||    10
 Stab: Distracted        |     1 |     1 |       ||     2
       Sleeping          |     6 |     7 |    11 ||    24
       Paralysed         |       |       |     7 ||     7
Armor: Skin              |     6 |     9 |    13 ||    28
Dodge: Dodged            |    64 |    57 |   102 ||   223
Block: Other             |     5 |    32 |    46 ||    83

Table legend: (Time is in decaauts)
 A = Elapsed time spent in this place.
 B = Non-inter-level travel time spent in this place.
 C = Inter-level travel time spent in this place.
 D = Time resting spent in this place.
 E = Time spent auto-exploring this place.
 F = Levels seen in this place.
 G = Mean time per level.
                   A        B        C        D        E       F      G
               +--------+--------+--------+--------+--------+-----+--------+
         Total |   9545 |   8943 |    602 |   2813 |   4661 |   9 | 1060.6 |
       Dungeon |   9064 |   8462 |    602 |   2767 |   4448 |   7 | 1294.9 |
        Temple |     59 |     59 |      0 |      5 |      0 |   1 |   59.0 |
         Sewer |    421 |    421 |      0 |     41 |    213 |   1 |  421.0 |
               +--------+--------+--------+--------+--------+-----+--------+

Top non-repeatable levels by time:
     D:6: 2231 daAuts
     D:2: 1487 daAuts
     D:5: 1424 daAuts
     D:4: 1368 daAuts
     D:1: 1233 daAuts
     D:3: 1211 daAuts
   Sewer: 421 daAuts
     D:7: 108 daAuts
  Temple: 59 daAuts
